[Event "Titled Tuesday Blitz October 5 2021"]
[White "Rasulov, Vugar"]
[Black "Tasev, Dejan"]
[WhiteFideId "13402390"]
[BlackFideId "936618"]
[WhiteElo "2560"]
[BlackElo "2253"]
[Result "1-0"]
[Round "07"]
[TimeControl "180+1"]
[Date "2021.10.05"]
[WhiteClock "0:02:31"]
[BlackClock "0:00:09"]

1. c4 Nf6 2. Nc3 g6 3. g3 Bg7 4. Bg2 O-O 5. Nf3 b6 6. O-O Bb7 7. d3 e6 8. e4 d6 9. Re1 Nbd7 10. Rb1 a6 11. b4 Qe7 12. Bb2 Rae8 13. h3 Qd8 14. Qc2 Qa8 15. a4 h6 16. a5 bxa5 17. bxa5 g5 18. Ba3 g4 19. hxg4 Nxg4 20. c5 dxc5 21. Na4 Rd8 22. Bxc5 Nxc5 23. Nxc5 Bc6 24. Qe2 Qa7 25. d4 Bb5 26. Rxb5 axb5 27. e5 h5 28. a6 Rxd4 29. Nxd4 Qxc5 30. Nc6 b4 31. a7 Kh8 32. Rb1 Ra8 33. Bf3 Rxa7 34. Nxa7 Qxa7 35. Bxg4 hxg4 36. Qxg4 Qc5 37. Rxb4 Qxe5 38. Qh4+ Kg8 39. Rb8+ Bf8 40. Qd8 Qe1+ 41. Kg2 Qe4+ 42. Kh2 Qh7+ 43. Kg1 Qb1+ 44. Rxb1 1-0


[Site "https://www.chess.com"]

[Event "Titled Tuesday Blitz October 5 2021"]
[White "Rodriguez, Santiago"]
[Black "Ladan, Nicholas"]
[WhiteFideId "3000591"]
[BlackFideId "30918855"]
[WhiteElo "2256"]
[BlackElo "2396"]
[Result "0-1"]
[Round "07"]
[TimeControl "180+1"]
[Date "2021.10.05"]
[WhiteClock "0:00:18"]
[BlackClock "0:00:13"]

1. d4 d5 2. Bf4 Nf6 3. e3 c5 4. c3 Nc6 5. Nd2 Bf5 6. Qb3 Qb6 7. dxc5 Qxb3 8. axb3 e5 9. Bg3 Bxc5 10. Ngf3 d4 11. Nxe5 dxe3 12. fxe3 Nxe5 13. Bxe5 Bxe3 14. Bb5+ Kf8 15. Nc4 Bc5 16. b4 Be7 17. Nb6 Rd8 18. Rxa7 h6 19. Bc7 Ne4 20. O-O Be6 21. Re1 f5 22. Bxd8 Bxd8 23. Rxb7 Nd6 24. Rb8 Kf7 25. Bf1 Re8 26. Na4 Ne4 27. Nc5 Bd5 28. c4 Bc6 29. Nxe4 Bxe4 30. b5 h5 31. c5 h4 32. c6 h3 33. gxh3 Bc7 34. Rxe8 Bb6+ 0-1


[Site "https://www.chess.com"]

[Event "Titled Tuesday Blitz October 5 2021"]
[White "Roman, Rodrigo"]
[Black "Quintiliano Pinto, Renato R."]
[WhiteFideId "3701220"]
[BlackFideId "2117568"]
[WhiteElo "2036"]
[BlackElo "2439"]
[Result "0-1"]
[Round "07"]
[TimeControl "180+1"]
[Date "2021.10.05"]
[WhiteClock "0:01:21"]
[BlackClock "0:00:57"]

1. d4 d5 2. Nf3 Nf6 3. g3 e6 4. Bg2 Be7 5. O-O O-O 6. c3 c5 7. Re1 Nc6 8. b3 a5 9. a4 b6 10. Nbd2 cxd4 11. Nxd4 Nxd4 12. cxd4 Bb7 13. Ba3 Bxa3 14. Rxa3 Qe7 15. Ra2 Rac8 16. Rc2 Rxc2 17. Qxc2 Rc8 18. Qb2 Qc7 19. Nf3 Qc2 20. Qa3 h6 21. Ne5 Qd2 22. Kf1 Qxd4 23. Qd6 Qc5 24. Qxc5 Rxc5 25. Rd1 Rc2 0-1


[Site "https://www.chess.com"]

[Event "Titled Tuesday Blitz October 5 2021"]
[White "Royal, Shreyas"]
[Black "Horobetz, Graham"]
[WhiteFideId "448869"]
[BlackFideId "2047322"]
[WhiteElo "1931"]
[BlackElo "2621"]
[Result "0-1"]
[Round "07"]
[TimeControl "180+1"]
[Date "2021.10.05"]
[WhiteClock "0:00:43"]
[BlackClock "0:00:13"]

1. d4 d5 2. c4 c6 3. Nf3 Nf6 4. Nc3 dxc4 5. a4 Bf5 6. Ne5 Nbd7 7. Nxc4 Qc7 8. g3 e5 9. dxe5 Nxe5 10. Bf4 Nfd7 11. Bg2 Be6 12. Nxe5 Nxe5 13. O-O f6 14. Rc1 Rd8 15. Qc2 Qa5 16. Rfd1 Rxd1+ 17. Rxd1 Be7 18. Be4 g6 19. Bh6 Kf7 20. h4 Ng4 21. Bf4 Qb6 22. e3 Bb3 23. Qe2 Bxd1 24. Qxd1 f5 25. Qd7 Rd8 26. Qc7 Qxc7 27. Bxc7 Rd2 28. Bf3 Rxb2 29. Bxg4 fxg4 30. Kf1 b5 31. axb5 cxb5 32. Nd5 b4 33. Ke1 b3 34. Be5 Rc2 35. Kd1 Rxf2 36. Bf4 b2 37. Nc3 Bf6 38. Nb1 a5 39. Bc7 a4 40. Bd6 Be7 41. Bf4 a3 42. Nxa3 Bxa3 43. Ke1 Rc2 44. Kd1 b1=Q# 0-1


[Site "https://www.chess.com"]

[Event "Titled Tuesday Blitz October 5 2021"]
[White "Sanchez, Robert"]
[Black "Aggelis, Nikolaos"]
[WhiteFideId "2034360"]
[BlackFideId "4213220"]
[WhiteElo "2258"]
[BlackElo "2154"]
[Result "1-0"]
[Round "07"]
[TimeControl "180+1"]
[Date "2021.10.05"]
[WhiteClock "0:00:16"]
[BlackClock "0:01:09"]

1. e4 d5 2. exd5 Qxd5 3. Nc3 Qe5+ 4. Be2 c6 5. d4 Qc7 6. Nf3 Bf5 7. Be3 e6 8. Qd2 Nf6 9. h3 Nbd7 10. a3 Ne4 11. Nxe4 Bxe4 12. c4 Be7 13. O-O O-O 14. b4 Rad8 15. Bf4 Bd6 16. Bg5 f6 17. Be3 e5 18. Rfd1 Bxf3 19. Bxf3 exd4 20. Bxd4 Be5 21. Qc3 Bxd4 22. Rxd4 Ne5 23. Be2 c5 24. Rd5 cxb4 25. Qxb4 b6 26. Rad1 Rxd5 27. cxd5 Rd8 28. d6 Qc5 29. Kf1 Rxd6 30. Rxd6 Qc1+ 31. Rd1 Qc7 32. f4 Ng6 33. Qc4+ Qxc4 34. Bxc4+ Kf8 35. g3 Ke7 36. Bd3 Nf8 37. Rc1 Kd6 38. Rc8 Ne6 39. Ra8 a5 40. Bxh7 Nc7 41. Rg8 Nb5 42. a4 Nc3 43. Bc2 b5 44. axb5 a4 45. Bxa4 Nxa4 46. Rxg7 Kc5 47. h4 Nc3 48. h5 Nd5 49. h6 Ne3+ 50. Ke2 Nf5 51. Rg6 1-0


[Site "https://www.chess.com"]

[Event "Titled Tuesday Blitz October 5 2021"]
[White "Sarana, Alexey"]
[Black "Oparin, Grigoriy"]
[WhiteFideId "24133795"]
[BlackFideId "24125890"]
[WhiteElo "2671"]
[BlackElo "2604"]
[Result "0-1"]
[Round "07"]
[TimeControl "180+1"]
[Date "2021.10.05"]
[WhiteClock "0:00:01"]
[BlackClock "0:00:10"]

1. d4 d5 2. c4 e6 3. Nc3 Be7 4. Nf3 Nf6 5. g3 O-O 6. Bg2 Nbd7 7. Qd3 b6 8. cxd5 Nxd5 9. Nxd5 exd5 10. O-O Bb7 11. b3 c5 12. Bb2 Bf6 13. Rfd1 Qe7 14. Rac1 Rac8 15. e3 Rfd8 16. Nh4 g6 17. Nf3 Bg7 18. Ba3 Qe6 19. h4 c4 20. Qe2 b5 21. Bb4 Re8 22. Ng5 Qb6 23. Bh3 f5 24. Qe1 Nf6 25. Bc5 Qa6 26. a4 bxa4 27. bxc4 dxc4 28. Bf1 Bd5 29. Qb4 h6 30. Nh3 Ne4 31. Nf4 Bf7 32. Bxc4 Bxc4 33. Rxc4 a3 34. Ra1 a2 35. Rc2 Nxc5 36. Rxc5 Rb8 37. Qe1 Rb2 38. Ra5 Qc4 39. Qf1 Qb3 40. Kg2 Rb1 41. Qa6 Rxa1 42. Qxg6 Qb7+ 43. d5 Qf7 44. Qa6 Qf6 45. Qb5 Qe5 46. Rxa7 Rb1 47. Qd7 Qe4+ 48. f3 Qc2+ 49. Kh3 Rh1# 0-1


[Site "https://www.chess.com"]

[Event "Titled Tuesday Blitz October 5 2021"]
[White "Sargsyan, Anna M."]
[Black "Nguyen Hong Nhung"]
[WhiteFideId "13308130"]
[BlackFideId "12412201"]
[WhiteElo "2263"]
[BlackElo "1661"]
[Result "0-1"]
[Round "07"]
[TimeControl "180+1"]
[Date "2021.10.05"]
[WhiteClock "0:00:52"]
[BlackClock "0:01:19"]

1. d4 f5 2. c4 Nf6 3. Nc3 g6 4. h4 Bg7 5. h5 Nxh5 6. Rxh5 gxh5 7. e4 O-O 8. exf5 d6 9. Be3 Bxf5 10. Qxh5 Bg6 11. Qd5+ Kh8 12. Qxb7 Nd7 13. O-O-O Nb6 14. Nf3 Qd7 15. c5 Rab8 16. Qa6 Nc8 17. c6 Qg4 18. Bd3 Rb6 19. Qc4 Bf7 20. Qa4 Qxg2 21. Ng5 Bg8 22. Be4 Qg4 23. Rh1 h6 24. f3 Qg2 0-1


[Site "https://www.chess.com"]

[Event "Titled Tuesday Blitz October 5 2021"]
[White "Seliverstov, Vladimir"]
[Black "Bykov, Egor"]
[WhiteFideId "4192036"]
[BlackFideId "34115290"]
[WhiteElo "2489"]
[BlackElo "2221"]
[Result "0-1"]
[Round "07"]
[TimeControl "180+1"]
[Date "2021.10.05"]
[WhiteClock "0:00:03"]
[BlackClock "0:00:17"]

1. d4 Nf6 2. Bf4 d5 3. e3 c5 4. Nc3 a6 5. Nf3 Nc6 6. dxc5 e6 7. Na4 Bxc5 8. Nxc5 Qa5+ 9. c3 Qxc5 10. Bd3 O-O 11. O-O h6 12. Rc1 Qe7 13. Ne5 Nd7 14. Nxd7 Bxd7 15. c4 dxc4 16. Bd6 Qg5 17. Bxf8 cxd3 18. Ba3 e5 19. Qf3 d2 20. Ra1 Bg4 21. Qg3 Rd8 22. f3 Qxe3+ 23. Qf2 Qxf2+ 24. Kxf2 Bf5 25. Bc5 Bc2 26. Rad1 Rd5 27. Be3 Bxd1 28. Rxd1 Nb4 29. Ke2 f5 30. Bxd2 Nc6 31. Rc1 Kf7 32. Be3 Ke6 33. g3 g5 34. a3 f4 35. Bf2 Kd7 36. Rc4 Na5 37. Rc3 b5 38. Bc5 Nc4 39. Bf8 Rd2+ 40. Ke1 Rxh2 41. g4 Nxb2 42. Bg7 Nc4 43. a4 Ke7 44. axb5 axb5 45. Rb3 Kf7 46. Bh8 Rb2 47. Rd3 Ra2 48. Rd7+ Ke6 49. Rh7 b4 50. Rxh6+ Kd5 51. Rh7 b3 52. Rb7 b2 53. Kd1 Ra1+ 0-1


[Site "https://www.chess.com"]

[Event "Titled Tuesday Blitz October 5 2021"]
[White "Seo, Jung Min"]
[Black "Korobov, Anton"]
[WhiteFideId "1734687"]
[BlackFideId "14105730"]
[WhiteElo "2486"]
[BlackElo "2718"]
[Result "1/2-1/2"]
[Round "07"]
[TimeControl "180+1"]
[Date "2021.10.05"]
[WhiteClock "0:00:32"]
[BlackClock "0:00:23"]

1. c4 Nf6 2. d4 g6 3. Nc3 Bg7 4. Nf3 d6 5. g3 O-O 6. Bg2 Nc6 7. O-O a6 8. d5 Na5 9. b3 b5 10. Bd2 bxc4 11. b4 Nb7 12. Nd4 e5 13. Nc6 Qe8 14. Rc1 Bd7 15. Bg5 Nd8 16. Nxd8 Rxd8 17. Bxf6 Bxf6 18. Ne4 Be7 19. Rxc4 Rc8 20. Qc2 Ba4 21. Qc3 f5 22. Nd2 Bd8 23. Nb3 Bb5 24. Na5 e4 25. Rc1 Bf6 26. Qb3 Bxc4 27. Qxc4 Qa4 28. e3 Rb8 29. Nc6 Rb6 30. Bf1 Kg7 31. Be2 Rf7 32. Bd1 Qb5 33. a4 Rxc6 34. dxc6 Qxc4 35. Rxc4 d5 36. Rc5 d4 37. exd4 Bxd4 38. Rd5 Bc3 39. b5 axb5 40. axb5 Ba5 41. Rd7 Kf6 42. Rxf7+ Kxf7 43. Bb3+ Kf6 44. h4 Bb6 45. Kf1 h6 46. Ke2 Ke5 47. Bf7 g5 48. hxg5 hxg5 49. Bg6 Kf6 50. Bh7 g4 51. Bg8 Ke5 52. Bh7 f4 53. gxf4+ Kxf4 54. Bg6 e3 55. fxe3+ Bxe3 56. Kf1 Kf3 57. Bf7 Ke4 58. Kg2 Kf4 59. Be6 Bb6 60. Bd7 g3 61. Be6 Bc5 62. Bd7 Bb6 63. Be6 Bc5 64. Bd7 Bb6 1/2-1/2


[Site "https://www.chess.com"]

[Event "Titled Tuesday Blitz October 5 2021"]
[White "Shkapenko, Pavel"]
[Black "Gubajdullin, Alexei"]
[WhiteFideId "4151933"]
[BlackFideId "4141202"]
[WhiteElo "2386"]
[BlackElo "2268"]
[Result "0-1"]
[Round "07"]
[TimeControl "180+1"]
[Date "2021.10.05"]
[WhiteClock "0:00:20"]
[BlackClock "0:00:16"]

1. e4 d6 2. d4 Nf6 3. Nc3 g6 4. h3 c6 5. a4 Bg7 6. g4 a5 7. Bg2 O-O 8. Nge2 Na6 9. O-O Nb4 10. Be3 Nd7 11. Qd2 Nb6 12. b3 f5 13. Rad1 fxg4 14. hxg4 Bxg4 15. f3 Be6 16. Nf4 Bf7 17. Nd3 Nxd3 18. Qxd3 Nd7 19. f4 e6 20. e5 d5 21. Qe2 Qe7 22. Qg4 Kh8 23. Bf2 Bg8 24. Rd3 Rf5 25. Rh3 Qf7 26. Ne2 Rf8 27. Be3 c5 28. Ng3 cxd4 29. Bd2 Nxe5 30. fxe5 Rxf1+ 31. Nxf1 Qf2+ 32. Kh1 Bxe5 33. Rf3 Rxf3 34. Qxf3 Qxf3 35. Bxf3 b6 36. Kg2 Bc7 37. Ng3 e5 38. Bg4 Kg7 39. Bd7 Kf6 40. Ne2 h5 41. Ng1 e4 42. Ne2 Be5 43. Kf1 g5 44. Bc1 h4 45. Bb2 d3 46. Bxe5+ Kxe5 47. cxd3 exd3 48. Ng1 Kf4 49. Kf2 g4 50. Bb5 Bh7 51. Ba6 Be4 52. Bb5 h3 0-1


[Site "https://www.chess.com"]

[Event "Titled Tuesday Blitz October 5 2021"]
[White "Shuvalov, Evgenij"]
[Black "Kovalchuk94"]
[WhiteFideId "4187237"]
[WhiteElo "2129"]
[BlackElo "2675"]
[Result "0-1"]
[Round "07"]
[TimeControl "180+1"]
[Date "2021.10.05"]
[WhiteClock "0:00:17"]
[BlackClock "0:00:11"]

1. Nf3 d5 2. c4 e6 3. g3 Nf6 4. Bg2 dxc4 5. O-O c5 6. Na3 Nc6 7. Nxc4 Be7 8. d3 O-O 9. Bd2 Nd5 10. Rc1 b6 11. a3 Bb7 12. Qc2 Rc8 13. Qb1 Nd4 14. Nxd4 cxd4 15. Rc2 Bf6 16. Rfc1 Qd7 17. Qa2 h6 18. Qb3 Bc6 19. Qa2 Ba4 20. b3 Bc6 21. Bxd5 Qxd5 22. f3 Bb7 23. Bb4 Rfd8 24. a4 Bg5 25. Bd2 Be7 26. a5 b5 27. a6 Ba8 28. Na5 Rxc2 29. Qxc2 Ba3 30. Ra1 Bf8 31. Rc1 Ba3 32. Ra1 Bd6 33. Rc1 Kh7 34. b4 h5 35. Nb7 Bxb7 36. axb7 Qxb7 37. Qc6 Qxc6 38. Rxc6 Rd7 39. Kf2 g6 40. Bg5 Kg7 41. Bd2 f6 42. h3 Kf7 43. g4 hxg4 44. hxg4 e5 45. Kg2 Ke6 46. Rc8 Rc7 47. Re8+ Kd5 48. Kf1 Rc2 49. Ke1 Rb2 50. Rd8 Ke6 51. Re8+ Kf7 52. Ra8 Bxb4 53. Rxa7+ Ke6 54. Bxb4 Rxb4 55. Ra6+ Kf7 56. Ra7+ Kg8 57. Ra6 Kg7 58. Ra7+ Kh6 59. Ra6 Kg5 60. Rb6 Rb2 61. Kf2 b4 62. Rb5 Kf4 63. Rb6 Kg5 64. Rb5 b3 65. Rb6 Rb1 66. Rb5 b2 67. Rb6 f5 68. gxf5 gxf5 69. Rb5 Kf4 70. Rb4 e4 71. fxe4 fxe4 72. dxe4 Kxe4 73. Rb3 Kd5 74. Rb8 Kc4 75. Rc8+ Kb3 76. Rb8+ Kc2 77. Rc8+ Kd2 78. Rb8 Kc3 79. Rc8+ Kb4 80. Rb8+ Kc5 81. Rc8+ Kd6 82. Rb8 d3 83. exd3 Rh1 84. Kg2 b1=Q 85. Rxb1 Rxb1 86. d4 Kd5 87. Kf2 Kxd4 88. Kg2 Rb3 0-1


[Site "https://www.chess.com"]

[Event "Titled Tuesday Blitz October 5 2021"]
[White "Silich, Yahor"]
[Black "Itkis, Boris"]
[WhiteFideId "13513656"]
[BlackFideId "1209167"]
[WhiteElo "2070"]
[BlackElo "2227"]
[Result "1-0"]
[Round "07"]
[TimeControl "180+1"]
[Date "2021.10.05"]
[WhiteClock "0:01:07"]
[BlackClock "0:00:01"]

1. e4 e5 2. Nf3 Nc6 3. Bc4 Nf6 4. d3 h6 5. O-O d6 6. c3 g6 7. Nbd2 Bg7 8. Re1 O-O 9. h3 Re8 10. Bb3 d5 11. Ba4 dxe4 12. dxe4 Bd7 13. Nc4 a6 14. Bc2 b5 15. Ne3 Be6 16. Qe2 Nh5 17. Rd1 Nf4 18. Qe1 Qf6 19. Nd5 Nxh3+ 20. Kh2 Bxd5 21. exd5 e4 22. Bxe4 Ne5 23. Kxh3 Nxf3 24. gxf3 Re5 25. Kg2 Qh4 26. d6 Rae8 27. d7 Rd8 28. Qh1 Qe7 29. Bf4 Re6 30. Rd3 c6 31. Rad1 f5 32. Bd6 Qf7 33. Bxc6 Bf8 34. Bc7 Rxc6 35. Bxd8 1-0


[Site "https://www.chess.com"]

[Event "Titled Tuesday Blitz October 5 2021"]
[White "Sinitsina, Anastassia"]
[Black "Do Nascimento,Christian Almeida"]
[WhiteFideId "4504640"]
[BlackFideId "2143801"]
[WhiteElo "2161"]
[BlackElo "2108"]
[Result "1-0"]
[Round "07"]
[TimeControl "180+1"]
[Date "2021.10.05"]
[WhiteClock "0:01:38"]
[BlackClock "0:01:03"]

1. Nf3 Nf6 2. g3 c5 3. Bg2 Nc6 4. O-O d5 5. d4 e6 6. c4 Be7 7. Nc3 O-O 8. cxd5 Nxd5 9. Nxd5 exd5 10. dxc5 Bxc5 11. Bg5 f6 12. Bf4 Bf5 13. Rc1 Bb6 14. Qb3 Be4 15. Rfd1 Kh8 16. Be3 Bxe3 17. Qxe3 Qb6 18. Qxb6 axb6 19. a3 Rac8 20. e3 Rc7 21. Nd4 Bxg2 22. Kxg2 Rfc8 23. Ne6 Re7 24. Nf4 d4 25. Rxd4 g5 26. Nd5 Rd7 27. Nxb6 Rxd4 28. exd4 Re8 29. d5 Nd4 30. d6 Rd8 31. d7 Nc6 32. a4 Kg7 33. Rxc6 bxc6 34. a5 f5 35. a6 Kf6 36. a7 Ke6 37. Nc8 1-0


[Site "https://www.chess.com"]

[Event "Titled Tuesday Blitz October 5 2021"]
[White "Siva Mahadevan"]
[Black "Mikhalevski, Victor"]
[WhiteFideId "25043153"]
[BlackFideId "2801914"]
[WhiteElo "2203"]
[BlackElo "2577"]
[Result "1/2-1/2"]
[Round "07"]
[TimeControl "180+1"]
[Date "2021.10.05"]
[WhiteClock "0:00:16"]
[BlackClock "0:00:46"]

1. e4 e5 2. Nf3 Nc6 3. Bb5 a6 4. Ba4 Nf6 5. O-O Nxe4 6. d4 b5 7. Bb3 d5 8. dxe5 Be6 9. Qe2 Be7 10. Rd1 O-O 11. c4 bxc4 12. Bxc4 Bc5 13. Be3 Bxe3 14. Qxe3 Qb8 15. Bb3 Na5 16. Nbd2 Qa7 17. Nd4 Nxd2 18. Rxd2 c5 19. Nxe6 fxe6 20. Qh3 Qf7 21. Bc2 g6 22. b3 Nc6 23. Re1 Rae8 24. Bd3 Qf4 25. Qe3 Nb4 26. Bf1 a5 27. Qxf4 Rxf4 28. Rc1 Rd4 29. Rxd4 cxd4 30. a3 Na2 31. Rc6 Rb8 32. Rxe6 Rxb3 33. Rd6 Nc3 34. f3 Kf7 35. g3 Rxa3 36. Kf2 Ra2+ 37. Kg1 Ra1 38. Kf2 a4 39. Rf6+ Ke7 40. Ra6 a3 41. Ra7+ Ke8 42. Ra8+ Ke7 43. Ra7+ Kf8 44. Ra8+ Kg7 45. Ra7+ Kh6 46. e6 Ra2+ 47. Kg1 Ra1 48. Kf2 Nd1+ 49. Ke2 Nc3+ 50. Kf2 1/2-1/2


[Site "https://www.chess.com"]

[Event "Titled Tuesday Blitz October 5 2021"]
[White "Sjugirov, Sanan"]
[Black "Martinovici, Ilia"]
[WhiteFideId "4189302"]
[BlackFideId "13907034"]
[WhiteElo "2654"]
[BlackElo "2303"]
[Result "1-0"]
[Round "07"]
[TimeControl "180+1"]
[Date "2021.10.05"]
[WhiteClock "0:00:31"]
[BlackClock "0:00:10"]

1. d4 d5 2. Nf3 Nf6 3. Bf4 c5 4. e3 Nc6 5. Nbd2 cxd4 6. exd4 Bg4 7. c3 e6 8. Qb3 Qb6 9. Qxb6 axb6 10. Bb5 Bxf3 11. Nxf3 Nd7 12. Ke2 Be7 13. Ne5 Ndxe5 14. Bxe5 f6 15. Bc7 Bd8 16. Bg3 Kf7 17. a3 Na5 18. Kd3 Nc6 19. Rhe1 Rc8 20. Re2 Bc7 21. Rae1 Rhe8 22. Bxc7 Rxc7 23. f4 Ree7 24. g4 g6 25. h4 Rc8 26. Kd2 Rcc7 27. Rh1 Kg7 28. h5 g5 29. fxg5 fxg5 30. h6+ Kg8 31. Rhe1 Nd8 32. Re5 Nf7 33. Rxe6 Kf8 34. Rxb6 Rxe1 35. Kxe1 Ke7 36. Bd3 Nd6 37. Bxh7 Nc4 38. Rg6 Rc8 39. Rg7+ Kf6 40. Rxb7 Re8+ 41. Kf2 Nd6 42. Rb6 Ke7 43. Bd3 Rf8+ 44. Kg3 Rf6 45. h7 Rh6 46. Rb8 Nf7 47. a4 1-0


[Site "https://www.chess.com"]

[Event "Titled Tuesday Blitz October 5 2021"]
[White "Skatchkov, Valery"]
[Black "Kezin, Roman"]
[WhiteFideId "24195812"]
[BlackFideId "24124621"]
[WhiteElo "2195"]
[BlackElo "2557"]
[Result "0-1"]
[Round "07"]
[TimeControl "180+1"]
[Date "2021.10.05"]
[WhiteClock "0:00:41"]
[BlackClock "0:02:04"]

1. d4 h5 2. c4 h4 3. h3 d6 4. Nc3 c6 5. e4 e5 6. Nf3 Qc7 7. Be2 a5 8. O-O Na6 9. Be3 Be7 10. Qc2 Nf6 11. Rad1 Nh5 12. c5 exd4 13. cxd6 Bxd6 14. Nxd4 Nf4 15. Nf5 Bxf5 16. exf5 O-O 17. Bc4 b5 18. Be2 Nb4 19. Qb1 Nbd5 20. Nxd5 Nxe2+ 21. Kh1 cxd5 22. Qd3 Nf4 23. Qd2 Rae8 24. Rc1 Qb8 25. Rc6 Re4 26. b3 Rfe8 27. Rfc1 d4 0-1


[Site "https://www.chess.com"]

[Event "Titled Tuesday Blitz October 5 2021"]
[White "Snehal, Bhosale"]
[Black "Lewtak, Damian"]
[WhiteFideId "5021995"]
[BlackFideId "1141724"]
[WhiteElo "2103"]
[BlackElo "2203"]
[Result "0-1"]
[Round "07"]
[TimeControl "180+1"]
[Date "2021.10.05"]
[WhiteClock "0:00:16"]
[BlackClock "0:00:49"]

1. d4 d6 2. c4 e5 3. d5 f5 4. Nc3 Nf6 5. Nf3 a5 6. g3 Na6 7. Bg2 Nc5 8. O-O Be7 9. b3 O-O 10. Bb2 Nfe4 11. a3 Nxc3 12. Bxc3 Bf6 13. Nd2 e4 14. Qc2 Bd7 15. Ra2 b6 16. Rfa1 Bxc3 17. Qxc3 Qf6 18. Qxf6 Rxf6 19. b4 Na4 20. Rc2 Rff8 21. e3 Kf7 22. Bf1 Ke7 23. Nb3 Ra7 24. Nd4 Rfa8 25. h4 g6 26. Be2 axb4 27. axb4 Nc3 28. Rac1 Nxe2+ 29. Rxe2 Ra4 30. Rb2 Ra3 31. c5 Ra1 32. Rc2 Rxc1+ 33. Rxc1 bxc5 34. bxc5 Ra5 35. c6 Bc8 36. Ra1 Rxa1+ 0-1


[Site "https://www.chess.com"]

[Event "Titled Tuesday Blitz October 5 2021"]
[White "Solon, Nathan"]
[Black "Veiga, Emerson de Sousa"]
[WhiteFideId "2017229"]
[BlackFideId "2151898"]
[WhiteElo "2647"]
[BlackElo "2034"]
[Result "1-0"]
[Round "07"]
[TimeControl "180+1"]
[Date "2021.10.05"]
[WhiteClock "0:00:16"]
[BlackClock "0:00:02"]

1. d4 Nf6 2. Bg5 d5 3. e3 c5 4. Bxf6 gxf6 5. dxc5 e5 6. c4 Be6 7. cxd5 Bxd5 8. Nc3 Bc6 9. Qxd8+ Kxd8 10. b4 a6 11. Rd1+ Kc7 12. Nd5+ Bxd5 13. Rxd5 Nc6 14. a3 a5 15. b5 Nd8 16. Nf3 Ne6 17. Bc4 Bxc5 18. a4 Bb4+ 19. Ke2 Rhd8 20. Rhd1 Rxd5 21. Bxd5 Rd8 22. Bxe6 Rxd1 23. Kxd1 fxe6 24. Kc2 Kd6 25. Kd3 f5 26. e4 Bc5 27. Nd2 Bxf2 28. Nc4+ Kc5 29. Nxa5 b6 30. Nc6 Bg1 31. h3 h5 32. Nxe5 Kb4 33. exf5 exf5 34. Ng6 Kxa4 35. Kc4 Bh2 36. Ne7 f4 37. Nd5 Ka5 38. Nf6 h4 39. Ne4 Ka4 40. Nc3+ Ka5 41. Nd5 Bg3 42. Nc3 Bh2 43. Ne2 Ka4 44. Nc1 Ka5 45. Nd3 Ka4 46. Ne5 Ka5 47. Nc6+ Ka4 48. Nd4 Ka5 49. Nf3 Bg3 50. Nd4 Ka4 51. Kd5 Kb4 52. Kc6 Ka5 53. Ne2 Bh2 54. Nc3 Bg3 55. Nd5 f3 56. gxf3 Bh2 57. Nxb6 Bg3 58. Nd5 Bf4 59. Nxf4 1-0


[Site "https://www.chess.com"]

[Event "Titled Tuesday Blitz October 5 2021"]
[White "Starozhilov, Leonid"]
[Black "Al-Tarboush, Ward"]
[WhiteFideId "14106752"]
[BlackFideId "7601450"]
[WhiteElo "2414"]
[BlackElo "2296"]
[Result "1/2-1/2"]
[Round "07"]
[TimeControl "180+1"]
[Date "2021.10.05"]
[WhiteClock "0:00:07"]
[BlackClock "0:00:08"]

1. e4 e6 2. d3 d5 3. Nd2 Nf6 4. Ngf3 b6 5. g3 Bb7 6. Bg2 Be7 7. O-O c5 8. Re1 Nc6 9. e5 Nd7 10. Nf1 Qc7 11. Bf4 h6 12. h4 O-O-O 13. Ne3 g5 14. hxg5 hxg5 15. Nxg5 Rdf8 16. Nxd5 exd5 17. e6 Nde5 18. Nxf7 Rxf7 19. exf7 Bd6 20. Bxe5 Nxe5 21. d4 Nxf7 22. Qg4+ Kb8 23. c3 Bc8 24. Qg7 Bf8 25. Qf6 Rh6 26. Qf3 Qd7 27. Qxd5 Qxd5 28. Bxd5 Nd6 29. dxc5 bxc5 30. Rad1 Kc7 31. Bf3 Rf6 32. Kg2 Rf7 33. Re5 Nc4 34. Re8 Bd7 35. Ra8 Nb6 36. Rxa7+ Kc8 37. Ra6 Rf6 38. Ra5 Kc7 39. a3 Bd6 40. b4 c4 41. Ra7+ Kc8 42. Re1 Bb8 43. Ra5 Kc7 44. Rc5+ Kd6 45. Rd1+ Ke7 46. Re1+ Kd8 47. Rh5 Bd6 48. Rd1 Kc7 49. Rh7 Rf8 50. Rh6 Be5 51. Rh7 Bxc3 52. Rc1 Bd4 53. a4 c3 54. a5 Nc4 55. Bg4 Rxf2+ 56. Kh3 Ne5 57. Bxd7 Nxd7 58. Rh5 Rd2 59. Rd5 Ne5 60. Rxd4 Rxd4 61. Rxc3+ Kb7 62. b5 Rd5 63. a6+ Kb6 64. Ra3 Rd7 65. g4 Rh7+ 66. Kg3 Rg7 67. Ra4 Ra7 68. g5 Kxb5 69. Ra1 Ng6 70. Kg4 Rxa6 71. Rxa6 Kxa6 72. Kf5 Nh4+ 73. Kg4 Ng6 74. Kh5 Nf4+ 75. Kg4 Ng6 1/2-1/2


[Site "https://www.chess.com"]

[Event "Titled Tuesday Blitz October 5 2021"]
[White "Stoyanov, Tsvetan"]
[Black "Kotepalli, Sai Nirupama"]
[WhiteFideId "2917173"]
[BlackFideId "5039444"]
[WhiteElo "2191"]
[BlackElo "2453"]
[Result "1-0"]
[Round "07"]
[TimeControl "180+1"]
[Date "2021.10.05"]
[WhiteClock "0:02:29"]
[BlackClock "0:01:10"]

1. b3 g6 2. Bb2 Nf6 3. Nf3 Bg7 4. g3 O-O 5. Bg2 d6 6. c4 e5 7. O-O Nbd7 8. d4 exd4 9. Nxd4 Re8 10. Nc3 Nc5 11. Re1 Nfe4 12. Nxe4 Nxe4 13. Qc2 Nc5 14. Rad1 Ne6 15. Nxe6 Bxe6 16. Bxg7 Kxg7 17. Bxb7 Rb8 18. Bc6 Bd7 19. Bg2 Qf6 20. c5 Bf5 21. e4 Bg4 22. Rd5 dxc5 23. Rxc5 Rbd8 24. Rxc7 a5 25. h3 Bf3 26. Qc3 Qxc3 27. Rxc3 Bxg2 28. Kxg2 f5 29. e5 Rd5 30. Rce3 Re6 31. f4 Rd2+ 32. R1e2 Rd5 33. Kf2 a4 34. b4 Rb5 35. a3 Rd5 36. Rc3 Rd7 37. Ke3 g5 38. Rd2 Rxd2 39. Kxd2 h5 40. Rc7+ Kg6 41. Rd7 h4 42. gxh4 gxf4 43. Rd6 Kf7 44. Rxe6 Kxe6 45. Ke2 Kxe5 46. Kf3 Kd4 47. Kxf4 Kc4 48. h5 Kb3 49. h6 Kxa3 50. h7 Kxb4 51. h8=Q a3 52. Kxf5 Kb3 53. Qa1 1-0


[Site "https://www.chess.com"]

[Event "Titled Tuesday Blitz October 5 2021"]
[White "Svane, Rasmus"]
[Black "Wagner, Dennis"]
[WhiteFideId "4657101"]
[BlackFideId "24650684"]
[WhiteElo "2643"]
[BlackElo "2355"]
[Result "1/2-1/2"]
[Round "07"]
[TimeControl "180+1"]
[Date "2021.10.05"]
[WhiteClock "0:00:12"]
[BlackClock "0:00:18"]

1. d4 Nf6 2. Nf3 g6 3. Nbd2 Bg7 4. e4 O-O 5. Bd3 d6 6. O-O c5 7. c3 cxd4 8. cxd4 e5 9. d5 Nbd7 10. Bc2 a5 11. Re1 Nc5 12. Nb3 b6 13. Nxc5 bxc5 14. Bd3 a4 15. Nd2 Nd7 16. Qc2 Nb6 17. Nc4 Nxc4 18. Bxc4 Qb6 19. Bd2 Bd7 20. Rab1 f5 21. f3 f4 22. Rec1 g5 23. Qd1 h5 24. Be2 Bf6 25. Kh1 Kh8 26. b3 axb3 27. axb3 Qd8 28. b4 cxb4 29. Bxb4 Qe7 30. Rc7 Rfc8 31. Rb7 Qd8 32. Qg1 Be7 33. Bd3 Rab8 34. Ba5 Qe8 35. Bc7 Rxb7 36. Rxb7 g4 37. Be2 Ra8 38. Ra7 Rxa7 39. Qxa7 gxf3 40. Bxf3 Bg4 41. h3 Bxf3 42. gxf3 Qd7 43. Kg2 Bd8 44. Bb6 Qxa7 45. Bxa7 Bc7 46. Kf1 Kg7 47. Ke2 Kf6 48. Kd3 Kg5 49. Bf2 Kf6 50. Kc4 Ke7 51. Kb5 Kd7 52. Ka6 Bd8 53. Kb7 Bf6 54. Be1 Be7 55. Kb6 Bf6 56. Kb5 Be7 57. Kc4 Bf6 58. Kd3 Be7 59. Ke2 Bf6 60. Ba5 Be7 61. Kd3 Bf6 62. Kc4 Be7 63. Kb5 Bf6 64. Ka6 Be7 65. Kb7 Bf6 66. Bc7 Be7 67. Bb8 Bf6 68. Ba7 Be7 69. Bf2 Bf6 70. Kb6 Be7 71. Kb5 Bf6 72. Kb6 Be7 73. Kb5 Bf6 74. Kb6 1/2-1/2


[Site "https://www.chess.com"]